 Dungeon Crawl Stone Soup version 0.32-a0-306-gfed3edf829 (webtiles) character file.

Game seed: 11543773752600304443

6 Bravepunisher the Ducker (level 1, 0/11 HPs)
             Began as a Spriggan Monk on Feb 14, 2024.
             Killed by nerve-wracking pain
             ... invoked by Menkaure
              (11 damage)
             ... on level 4 of the Dungeon.
             The game lasted 00:03:24 (693 turns).

Bravepunisher the Ducker (Spriggan Monk)             Turns: 693, Time: 00:03:24

Health: 0/11       AC:  2    Str:  7    XL:     1   Next: 75%
Magic:  2/2        EV: 19    Int: 11    God:
Gold:   30         SH:  0    Dex: 17    Spells: 0/0 levels left

rFire   . . .        f - +2 dagger (freeze)
rCold   . . .        (no shield)
rNeg    . . .        b - +0 robe
rPois   .            (helmet restricted)
rElec   .            (no cloak)
rCorr   .            (gloves unavailable)
SInv    +            (boots unavailable)
Will    .....        (no amulet)
Stlth   ++           (no ring)
HPRegen 0.21/turn    (no ring)
MPRegen 0.08/turn

%: no passive effects
@: very quick
A: very small, no large weapons, unfitting armour, see invisible, speed 3
a: no special abilities


You were on level 4 of the Dungeon.
You visited 1 branch of the dungeon, and saw 6 of its levels.

You collected 30 gold pieces.

Inventory:

Hand Weapons
 f - a +2 dagger of freezing (weapon)
Armour
 b - a +0 robe (worn)
Scrolls
 a - a scroll of enchant armour {unknown}
 d - 3 scrolls of identify {unknown}
 e - a scroll of revelation {unknown}
 g - a scroll of enchant weapon {unknown}
 h - a scroll of teleportation {unknown}
 j - a scroll of silence {unknown}
 k - a scroll of fog {unknown}
Potions
 c - a potion of ambrosia
 i - a potion of curing {unknown}


   Skills:
 + Level 2.5 Fighting
 - Level 3.2 Short Blades
 * Level 4.4 Dodging


You couldn't memorise any spells.
You didn't know any spells.
Your spell library was empty.

Dungeon Overview and Level Annotations

Branches:
Dungeon (6/15)
 Temple: D:4-7

Altars:

Shops:
D:4 ?

Annotations:
D:4 Menkaure
D:6 Eustachio, Grinder


Innate Abilities, Weirdness & Mutations

You are very small and have problems with some larger weapons.
You are too small for most types of armour.
You have supernaturally acute eyesight. (SInv)
You cover ground extremely quickly. (Speed+++)


Message History

You open the door.
An ogre comes into view. It is wielding a +0 giant club.
There is an open door here.
You close the door.
Found 13 gold pieces.
You open the door.
There is an open door here.
As you close the door, it creaks loudly!
You open the door.
Something unseen breaks down the door.
There is an open door here.
You open the door.
There is an open door here.
You open the door.
There is an open door here.
There is a stone staircase leading down here.
You open the door.
There is an open door here.
There is a stone staircase leading up here.
You climb upwards.
The goblin shouts!
There is a stone staircase leading down here.
The goblin misses you.
You hit the goblin. You freeze the goblin.
You kill the goblin!
You see here a +0 club.
You open the door.
A ball python and an adder come into view.
Found 9 gold pieces and a scroll labelled BENTIR PIZE.
Found 14 gold pieces.
You close the door.
Menkaure, Prince of Dust comes into view.
Menkaure shouts!
Menkaure gestures wildly while chanting.
Menkaure seems to speed up.
Found Segiatic's Magic Scroll Emporium.
Found a scroll labelled HUFUFA COECUAD.
Menkaure points at you and mumbles some strange words.
Pain shoots through your body!
Ouch! That really hurt!
You die...

#. . .. ##. #. #####
####.. #.
##...###..>.# #?
#.........#.#
###.#####....###..#)#
#..M..........##..#..
#.##.####.###.##.....
#@# #.# #.###### #.#
#.# #.# #∩# #.# #.#
#.# ..# ## ..# .##
#.# . #.# #. #.#


You could see Menkaure (fast).

Vanquished Creatures
  2 goblins (D:4)
  A quokka (D:3)
3 creatures vanquished.

Notes
Turn   | Place    | Note
-------+----------+-------------------------------------------
     0 | D:1      | Bravepunisher the Spriggan Monk began the quest for the
                  | Orb.
     0 | D:1      | Reached XP level 1. HP: 11/11 MP: 2/2
   130 | D:5      | Entered Level 5 of the Dungeon
   138 | D:5      | Noticed a hound
   216 | D:6      | Noticed an orc priest
   216 | D:6      | Noticed an orc wizard
   277 | D:5      | Noticed a bombardier beetle
   339 | D:6      | Noticed Eustachio
   339 | D:6      | Noticed Grinder
   488 | D:5      | Noticed a centaur
   589 | D:5      | Noticed an ogre
   688 | D:4      | Noticed Menkaure
   691 | D:4      | Found Segiatic's Magic Scroll Emporium.
   693 | D:4      | Killed from afar by Menkaure

Illustrated notes

Levels and vault maps discovered:
D:1:      amcnicky_arrival_choice, layout_rooms, chequers_serial_rivers_room_a,
          hangedman_glass_teeth, minmay_bisected
D:2:      layout_loops_ring, serial_shops, nicolae_shop_hallway_plus,
          st_stairs_1, dreamdust_mushroom_princess
D:3:      layout_loops_ring, minmay_overflow_temple_star_quad, uniq_robin
D:4:      layout_loops_ring, kiku_gazebo_garden_becter,
          nicolae_qazlal_eye_of_the_storm, serial_shops, shop,
          amethyst_killhole, kennysheep_doodads, minmay_joined_circles,
          uniq_menkaure
D:5:      layout_gridville
D:6:      layout_gridville, cheibrodos_ashenzari_chains,
          minmay_temple_entry_from_below_b, kennysheep_generic_room_11,
          uniq_eustachio, uniq_crazy_yiuf_cottage, uniq_grinder

Action                     || total
---------------------------++-------
  Melee: Short sword       ||     5
         Dagger            ||     1
 Armour: Robe              ||     3
  Dodge: Dodged            ||    10

Table legend: (Time is in decaauts)
 A = Elapsed time spent in this place.
 B = Non-inter-level travel time spent in this place.
 C = Inter-level travel time spent in this place.
 D = Time resting spent in this place.
 E = Time spent auto-exploring this place.
 F = Levels seen in this place.
 G = Mean time per level.
                   A        B        C        D        E       F      G
               +--------+--------+--------+--------+--------+-----+--------+
         Total |    454 |    454 |      0 |      0 |    110 |   6 |   75.7 |
       Dungeon |    454 |    454 |      0 |      0 |    110 |   6 |   75.7 |
               +--------+--------+--------+--------+--------+-----+--------+

Top non-repeatable levels by time:
     D:5: 319 daAuts
     D:4: 41 daAuts
     D:3: 41 daAuts
     D:6: 29 daAuts
     D:2: 12 daAuts
     D:1: 10 daAuts
